 Dungeon Crawl Stone Soup version 0.28.0 (webtiles) character file.

Game seed: 14565047816512889224

65493 Asparus the Destroyer (level 14, -43/105 HPs)
             Began as a Demonspawn Conjurer on Feb 17, 2022.
             Was the Champion of Cheibriados.
             Annihilated by an enormous slime creature (74 damage)
             ... on level 11 of the Dungeon.
             The game lasted 01:07:34 (26313 turns).

Asparus the Destroyer (Demonspawn Conjurer)        Turns: 26313, Time: 01:07:34

Health: -43/105    AC: 13    Str: 20    XL:     14   Next: 75%
Magic:  10/39      EV: 17    Int: 39    God:    Cheibriados [******]
Gold:   969        SH:  5    Dex: 32    Spells: 10/37 levels left

rFire   + . .      SeeInvis .   N - +5 lajatang of Doom {freeze, rF+}
rCold   . . .      Faith    .   (shield currently unavailable)
rNeg    . . .      Spirit   .   J - +2 troll leather armour {Snorg}
rPois   +          Reflect  +   o - +0 hat "Siar" {MP+9}
rElec   +          Harm     .   V - +1 cloak of the Prince of Darkness {rElec rPois Str-3 Dex+5}
rCorr   .          Rampage  .   L - +0 pair of gloves
Will    ++...                   S - +0 pair of boots
Stlth   +++.......              P - amulet of reflection
HPRegen 1.07/turn               j - ring of willpower
MPRegen 0.26/turn               n - +4 ring of evasion

@: very slow
A: demonic guardian 2, augmentation 1, sharp scales 3, weakness stinger 2
a: Renounce Religion, Bend Time, Temporal Distortion, Slouch, Step From Time


You were on level 11 of the Dungeon.
You worshipped Cheibriados.
Cheibriados was exalted by your worship.
You visited 3 branches of the dungeon, and saw 18 of its levels.
You also visited: Ossuary.

You collected 1679 gold pieces.
You spent 710 gold pieces at shops.

Inventory:

Hand Weapons
 g - a +3 dagger of protection
 N - the +5 lajatang of Doom (weapon) {freeze, rF+}
   (You found it on level 3 of the Lair of Beasts)

   It freezes those it strikes, dealing additional cold damage.
   It can also slow down cold-blooded creatures.
   rF:        It protects you from fire.
Missiles
 X - 2 throwing nets
Armour
 i - a +2 robe of willpower
 o - the +0 hat "Siar" (worn) {MP+9}
   (You acquired it on level 6 of the Lair of Beasts)

   MP:        It affects your magic capacity (+9).
 J - a +2 troll leather armour (worn) {Snorg}
 L - a +0 pair of gloves (worn)
 S - a +0 pair of boots (worn)
 V - the +1 cloak of the Prince of Darkness (worn) {rElec rPois Str-3 Dex+5}
   (You found it on level 6 of the Lair of Beasts)

   Str:       It affects your strength (-3).
   Dex:       It affects your dexterity (+5).
   rElec:     It insulates you from electricity.
   rPois:     It protects you from poison.
Jewellery
 c - a ring of positive energy
 j - a ring of willpower (left hand)
 n - a +4 ring of evasion (right hand)
 p - a ring of see invisible
 v - an amulet of the acrobat
 H - a ring of ice
 O - a ring of willpower
 P - an amulet of reflection (around neck)
 T - a +4 ring of protection
Wands
 d - a wand of digging (7)
 u - a wand of polymorph (2)
 x - a wand of charming (18)
 B - a wand of iceblast (14)
 K - a wand of acid (11)
 Q - a wand of mindburst (1)
 R - a wand of flame (41)
Scrolls
 e - 3 scrolls of immolation
 f - 5 scrolls of vulnerability
 q - 2 scrolls of enchant armour
 t - 3 scrolls of teleportation
 y - 2 scrolls of magic mapping
 C - 3 scrolls of enchant weapon
 F - 5 scrolls of amnesia
 G - 3 scrolls of identify
 M - 2 scrolls of torment
 W - 3 scrolls of fog
Potions
 a - 5 potions of berserk rage
 b - 4 potions of might
 h - 5 potions of curing
 k - 3 potions of cancellation
 l - 3 potions of mutation
 m - 6 potions of attraction
 r - 3 potions of haste
 s - a potion of lignification
 w - 6 potions of brilliance
 z - 2 potions of flight
 E - 2 potions of invisibility
 I - 3 potions of resistance
 U - a potion of heal wounds
 Y - 2 potions of ambrosia
Miscellaneous
 A - a condenser vane (inert)
 D - a box of beasts


   Skills:
 + Level 8.3 Fighting
 + Level 2.7 Staves
 - Level 2.0 Dodging
 - Level 2.0 Stealth
 + Level 12.1 Spellcasting
 + Level 12.2 Conjurations
 - Level 6.0 Hexes
 - Level 6.0 Necromancy
 - Level 8.0 Transmutations
 + Level 0.8 Fire Magic
 + Level 12.1 Earth Magic
 - Level 6.0 Invocations


You had 10 spell levels left.
You knew the following spells:

 Your Spells              Type           Power      Damage    Failure   Level
a - Magic Dart            Conj           100%       1d8       0%          1
b - Searing Ray           Conj           100%       2d8       1%          2
c - Fulminant Prism       Conj/Hex       38%        3d18      1%          4
d - Petrify               Tmut/Erth      80%        N/A       1%          4
e - Statue Form           Tmut/Erth      53%        N/A       4%          6
f - Borgnjor's Vile Clut  Necr/Erth      38%        N/A       1%          5
g - Fireball              Conj/Fire      32%        3d14      3%          5

Your spell library contained the following spells:

 Spells                   Type           Power      Damage    Failure   Level
 Slow                     Hex            100%       N/A       1%          1
 Corpse Rot               Necr/Air       94%        N/A       1%          2
 Static Discharge         Conj/Air       63%        N/A       1%          2
 Confusing Touch          Hex            63%        N/A       1%          3
 Dazzling Flash           Conj/Hex       100%       N/A       1%          3
 Mephitic Cloud           Conj/Pois/Air  53%        N/A       1%          3
 Portal Projectile        Hex/Tloc       94%        N/A       1%          3
 Vampiric Draining        Necr           63%        2d10      1%          3
 Dispel Undead            Necr           63%        3d22      1%          4
 Iskenderun's Mystic Bla  Conj/Tloc      63%        2d13      1%          4
 Sticky Flame             Conj/Fire      65%        2d8       1%          4
 Blade Hands              Tmut           36%        N/A       1%          5
 Iskenderun's Battlesphe  Conj           87%        2d13      1%          5
 Call Imp                 Summ           23%        N/A       2%          2
 Poisonous Vapours        Pois/Air       46%        N/A       2%          2
 Excruciating Wounds      Necr           31%        N/A       4%          5
 Alistair's Intoxication  Tmut/Pois      35%        N/A       10%         5
 Orb of Destruction       Conj           43%        9d12      11%         7
 Metabolic Englaciation   Hex/Ice        23%        N/A       14%         5
 Conjure Ball Lightning   Conj/Air       31%        3x3d10    22%         6
 Eringya's Noxious Bog    Tmut/Pois      26%        N/A       47%         6
 Discord                  Hex            31%        N/A       100%        8
 Disjunction              Tloc           11%        N/A       100%        8


Dungeon Overview and Level Annotations

Branches:
Dungeon (11/15)            Temple (1/1) D:7            Lair (6/6) D:8
  Swamp (0/4) Lair:4        Snake (0/4) Lair:2        Slime (0/5) Lair:6
Ossuary (visited)
    Orc: D:9-12

Altars:
Ashenzari
Cheibriados
Elyvilon
Fedhas
Gozag
Hepliaklqana
Kikubaaqudgha
Makhleb
Nemelex Xobeh
Okawaru
Qazlal
Ru
Sif Muna
Trog
Uskayaw
Vehumet
Wu Jian
Xom
Yredelemnul
Zin
The Shining One

Shops:
D:6 *   D:9 (*::(

Annotations:
Lair:4 3 runed translucent doors, Hiywul's ghost, journeyman MiHu


Innate Abilities, Weirdness & Mutations

A demonic guardian rushes to your aid.
Your magical and physical power is slightly enhanced at high health.
You are completely covered in razor-sharp scales. (AC +3, Slay +3)
You have a tail ending in a sharp stinger.


Message History

You slice the enormous slime creature!! You freeze the enormous slime creature.
You tail-slap the enormous slime creature.
The enormous slime creature is severely wounded.
The helpless enormous slime creature fails to defend itself.
You slice the enormous slime creature!! You freeze the enormous slime creature.
The enormous slime creature is severely wounded.
The helpless enormous slime creature fails to defend itself.
You slash the enormous slime creature! You freeze the enormous slime creature.
The enormous slime creature is severely wounded.
The enormous slime creature is no longer petrified.
The enormous slime creature hits you but does no damage.
Casting: Petrify (safe; 1% risk of failure)
Confirm with . or Enter, or press ? or * to list all spells.
Aiming: Petrify (safe; 1% risk of failure)
Press: ? - help, Shift-Dir - straight line, f/p - enormous slime creature
Aim: an enormous slime creature (severely wounded, chance to affect: 73%)
The enormous slime creature struggles to resist.
The enormous slime creature barely misses you.
The enormous slime creature completely misses you.
Casting: Petrify (safe; 1% risk of failure)
Confirm with . or Enter, or press ? or * to list all spells.
Aiming: Petrify (safe; 1% risk of failure)
Press: ? - help, Shift-Dir - straight line, f/p - enormous slime creature
Aim: an enormous slime creature (severely wounded, chance to affect: 73%)
The enormous slime creature struggles to resist.
The enormous slime creature hits you!!!
Ouch! That really hurt!
* * * LOW HITPOINT WARNING * * *
A demonic guardian appears!
Your sixfirhy hits the enormous slime creature.
Your sixfirhy shocks the enormous slime creature!
Your sixfirhy hits the enormous slime creature!
Your sixfirhy shocks the enormous slime creature!
Your sixfirhy completely misses the enormous slime creature.
Your sixfirhy barely misses the enormous slime creature.
Your sixfirhy hits the enormous slime creature!
Your sixfirhy shocks the enormous slime creature!
The enormous slime creature hits you!!!!
Ouch! That really hurt!
You die...

.........## #..........#
.......#..### #..........#
.......##...###..........#
.......####..))).........#
.......# #####..........#
.......# #..........#
####.### #######'#### #..#
########.# #.## #..@J3...#
###.# ###'########## #...#
#####............#
#.######...'............#
......##.###............#
......##.# #............#
......#..# #............#
........## #............#
......### #............#


You could see an enormous slime creature (ally target) and a friendly sixfirhy
(summoned).

Vanquished Creatures
  Gastronok (D:10)
  A dire elephant (Lair:4)
  Snorg (Lair:3)
  An ice dragon (Lair:6)
  Fannar (Lair:2)
  Harold (D:10)
  3 hydras
  A boulder beetle (D:9)
  2 two-headed ogres (D:10)
  3 lindwurms
  2 deep elf pyromancers
  2 wolf spiders (Lair:6)
  A shining eye (Lair:2)
  A cyclops (D:11)
  2 manticores (D:9)
  28 elephants
  7 black mambas
  A guardian serpent (Lair:6)
  11 torpor snails (Lair:6)
  5 rime drakes
  An unseen horror (shapeshifter) (D:9)
  15 cane toads
  3 komodo dragons
  A tengu conjurer (D:9)
  Psyche (D:8)
  3 tyrant leeches (Lair:6)
  3 polar bears
  12 hornets
  16 blink frogs
  A spriggan (Lair:4)
  Sigmund (D:2)
  2 vampires
  19 wyverns
  A human (shapeshifter) (D:9)
  27 yaks
  3 basilisks
  A steam dragon (D:8)
  3 redbacks (Lair:6)
  Menkaure (D:7)
  An acid dragon (D:11)
  2 nagas (Lair:2)
  22 water moccasins
  An ice beast (D:7)
  4 orc warriors
  2 sky beasts (D:6)
  4 black bears
  2 ogres
  8 wolves
  9 centaurs
  2 kobold brigands
  13 bullfrogs
  3 gnoll sergeants
  3 scorpions
  5 water moccasin zombies (Ossuary)
  A jelly (D:6)
  7 killer bees
  11 wights
  4 howler monkeys
  3 hounds
  4 centaur zombies
  An orc priest (D:3)
  A centaur skeleton (D:5)
  2 gnoll shamans
  Terence (D:2)
  Jessica (D:2)
  5 iguanas
  5 orc wizards
  5 hell rats (Lair:6)
  3 mummies
  2 howler monkey zombies (D:9)
  23 gnolls
  7 adders
  A shadow imp (D:7)
  6 adder zombies (Ossuary)
  3 dart slugs
  24 orcs
  7 ball pythons
  4 endoplasms
  3 giant cockroaches (D:2)
  6 gnoll zombies (Ossuary)
  3 hobgoblins
  2 jackals (D:1)
  3 quokkas
  9 bats
  2 frilled lizards (D:2)
  9 goblins
  6 hobgoblin zombies (Ossuary)
  10 kobolds
  2 kobold zombies (Ossuary)
  5 orc zombies (Ossuary)
  8 rats
469 creatures vanquished.

Vanquished Creatures (collateral kills)
  3 hydras
  A two-headed ogre (D:9)
  A deep elf pyromancer (D:9)
  2 ugly things (D:9)
  2 elephants (Lair:5)
  2 cane toads (Lair:6)
  A rime drake (Lair:5)
  A polar bear (Lair:1)
  A slime creature (D:9)
  2 blink frogs (Lair:4)
  5 yaks
  An orc warrior (D:9)
  A bullfrog (Lair:1)
  A scorpion (D:3)
  2 wights
  A gnoll (D:5)
27 creatures vanquished.

Vanquished Creatures (others)
  77 fulminant prisms
  151 fungi
  243 plants
471 creatures vanquished.

Grand Total: 967 creatures vanquished

Notes
Turn   | Place    | Note
-------+----------+-------------------------------------------
     0 | D:1      | Asparus the Demonspawn Conjurer began the quest for the
                  | Orb.
     0 | D:1      | Reached XP level 1. HP: 13/13 MP: 3/3
   225 | D:1      | Found a faded altar of an unknown god.
   386 | D:1      | Gained mutation: You are partially covered in razor-sharp
                  | scales. (AC +1, Slay +1) [demonic ancestry]
   386 | D:1      | Reached XP level 2. HP: 20/20 MP: 0/5
   636 | D:1      | Reached skill level 1 in Fighting
   722 | D:1      | Learned a level 2 spell: Searing Ray
   946 | D:1      | Gained mutation: A weak demonic guardian rushes to your
                  | aid. [demonic ancestry]
   946 | D:1      | Reached XP level 3. HP: 16/26 MP: 0/6
  1717 | D:2      | Noticed Sigmund
  2002 | D:2      | Found a stormy altar of Qazlal.
  2055 | D:2      | Noticed Terence
  2070 | D:2      | Killed Terence
  2071 | D:2      | Gained mutation: You have a small tail. [demonic ancestry]
  2071 | D:2      | Reached XP level 4. HP: 13/33 MP: 0/8
  2455 | D:2      | Noticed Jessica
  2457 | D:2      | Killed Jessica
  2752 | D:2      | Killed Sigmund
  2753 | D:2      | Reached skill level 5 in Conjurations
  2753 | D:2      | Gained mutation: A demonic guardian rushes to your aid.
                  | [demonic ancestry]
  2753 | D:2      | Reached XP level 5. HP: 32/41 MP: 0/10
  2753 | D:2      | Reached XP level 6. HP: 37/47 MP: 0/11
  3063 | D:3      | HP: 2/47 [scorpion (2)]
  3401 | D:3      | Learned a level 4 spell: Fulminant Prism
  4514 | D:4      | Found a blossoming altar of Fedhas.
  4577 | D:4      | Found a hide-covered altar of Uskayaw.
  5049 | D:4      | Gained mutation: You are mostly covered in razor-sharp
                  | scales. (AC +2, Slay +2) [demonic ancestry]
  5049 | D:4      | Reached XP level 7. HP: 30/54 MP: 1/13
  5425 | D:5      | Entered Level 5 of the Dungeon
  6155 | D:5      | Reached skill level 5 in Spellcasting
  6238 | D:5      | Reached skill level 5 in Fighting
  6462 | D:5      | Identified the +2 whip "Taef" {holy, Will+}
  6696 | D:6      | Gained mutation: You are completely covered in razor-sharp
                  | scales. (AC +3, Slay +3) [demonic ancestry]
  6696 | D:6      | Reached XP level 8. HP: 50/62 MP: 6/15
  7263 | D:6      | Found Beagoav's Bounteous Boutique.
  7496 | D:6      | Bought 2 scrolls of blinking for 210 gold pieces
  7924 | D:7      | Found a staircase to the Ecumenical Temple.
  7965 | Temple   | Entered the Ecumenical Temple
  8124 | Temple   | Became a worshipper of Cheibriados the Contemplative
  8165 | D:7      | Reached XP level 9. HP: 27/69 MP: 15/19
  8777 | D:7      | Noticed Menkaure
  8788 | D:7      | Killed Menkaure
  9303 | D:8      | Reached * piety under Cheibriados
  9490 | D:8      | Found a staircase to the Lair.
  9517 | D:8      | Noticed Psyche
  9522 | D:8      | Killed Psyche
  9568 | D:8      | Found a sand-covered staircase.
  9578 | Ossuary  | Entered an ossuary
  9855 | Ossuary  | Reached ** piety under Cheibriados
 10311 | D:8      | Reached skill level 10 in Conjurations
 10773 | D:8      | Reached XP level 10. HP: 70/76 MP: 11/22
 11281 | D:9      | Found Xept's Book Shop.
 11304 | D:9      | Found Robliux's Book Emporium.
 11370 | D:9      | Noticed a boulder beetle
 11652 | D:9      | Noticed a two-headed ogre
 11672 | D:9      | Noticed a green ugly thing
 11676 | D:9      | Killed a two-headed ogre
 11676 | D:9      | Reached *** piety under Cheibriados
 11677 | D:9      | Reached skill level 1 in Hexes
 11678 | D:9      | Killed a green ugly thing
 11678 | D:9      | Noticed a white ugly thing
 11683 | D:9      | Killed a white ugly thing
 11724 | D:9      | Killed a boulder beetle
 11801 | D:9      | Noticed an eight-headed hydra
 11812 | D:9      | Killed an eight-headed hydra
 11813 | D:9      | Reached skill level 5 in Invocations
 12044 | D:9      | Found Ehexunu's Antique Weapon Shop.
 12060 | D:9      | Noticed a manticore
 12066 | D:9      | Killed a manticore
 12067 | D:9      | Reached XP level 11. HP: 70/81 MP: 11/24
 12317 | D:9      | Noticed a deep elf pyromancer
 12337 | D:9      | Killed a deep elf pyromancer
 12338 | D:9      | Reached skill level 10 in Spellcasting
 12433 | D:9      | Noticed a deep elf pyromancer
 12437 | D:9      | Killed a deep elf pyromancer
 12438 | D:9      | Reached skill level 5 in Hexes
 12823 | D:9      | Found Xoushez's General Store.
 12831 | D:9      | Bought a scroll of teleportation for 48 gold pieces
 12831 | D:9      | Bought a scroll of amnesia for 56 gold pieces
 12855 | D:9      | Found Yningot's Weapon Shop.
 12888 | D:9      | Reached **** piety under Cheibriados
 13364 | D:10     | Entered Level 10 of the Dungeon
 13364 | D:10     | Noticed Harold
 13430 | Lair:1   | Entered Level 1 of the Lair of Beasts
 14020 | D:9      | Bought a book of Sloth for 396 gold pieces
 14025 | D:9      | Learned a level 4 spell: Petrify
 14032 | D:9      | Learned a level 6 spell: Statue Form
 15008 | Lair:2   | Noticed Fannar
 15016 | Lair:2   | Killed Fannar
 15017 | Lair:2   | Reached skill level 1 in Transmutations
 15017 | Lair:2   | Reached skill level 1 in Earth Magic
 15511 | Lair:2   | Noticed a boulder beetle
 15520 | Lair:2   | Noticed a shining eye
 15520 | Lair:2   | a boulder beetle changed into a shining eye
 15524 | Lair:2   | Killed a shining eye
 15640 | Lair:2   | Gained mutation: You have a tail ending in a sharp stinger.
                  | [demonic ancestry]
 15640 | Lair:2   | Reached XP level 12. HP: 31/88 MP: 1/27
 16075 | Lair:2   | Found a staircase to the Snake Pit.
 17508 | Lair:3   | Noticed Snorg
 17525 | Lair:3   | Killed Snorg
 18131 | Lair:3   | Reached ***** piety under Cheibriados
 18592 | Lair:3   | Reached skill level 5 in Transmutations
 18592 | Lair:3   | Reached skill level 5 in Earth Magic
 18760 | Lair:3   | Identified the +5 lajatang of Doom {freeze, rF+}
 18787 | Lair:3   | Noticed a seven-headed hydra
 18798 | Lair:3   | Killed a nine-headed hydra
 19066 | Lair:4   | Reached skill level 1 in Staves
 19318 | Lair:4   | Learned a level 5 spell: Borgnjor's Vile Clutch
 19542 | Lair:4   | Found a staircase to the Swamp.
 19558 | Lair:4   | Reached skill level 1 in Necromancy
 19638 | Lair:4   | Reached XP level 13. HP: 96/96 MP: 15/29
 20072 | Lair:4   | Noticed a dire elephant
 20085 | Lair:4   | Killed a dire elephant
 20480 | Lair:4   | Found a runed translucent gate.
 20482 | Lair:4   | Found a runed translucent gate.
 20483 | Lair:4   | Found a runed translucent gate.
 20484 | Lair:4   | Noticed Hiywul's ghost (journeyman MiHu)
 20983 | Lair:5   | Identified the +1 robe "Poptiuwk" {Harm rF+ Str-2}
 21335 | Lair:5   | Reached skill level 5 in Necromancy
 21414 | Lair:5   | Reached ****** piety under Cheibriados
 22119 | Lair:6   | Entered Level 6 of the Lair of Beasts
 22541 | Lair:6   | Gained mutation: Your magical and physical power is
                  | slightly enhanced at high health. [demonic ancestry]
 22541 | Lair:6   | Reached XP level 14. HP: 90/105 MP: 2/30
 23088 | Lair:6   | Reached skill level 10 in Earth Magic
 23305 | Lair:6   | Identified a scroll of acquirement
 23306 | Lair:6   | Acquired the +0 hat "Siar" {MP+9}
 23652 | Lair:6   | Found a runed translucent door.
 23945 | Lair:6   | Found a snail-covered altar of Cheibriados.
 23979 | Lair:6   | Found a staircase to the Slime Pits.
 24024 | Lair:6   | Identified the +1 cloak of the Prince of Darkness {rElec
                  | rPois Str-3 Dex+5}
 24993 | D:10     | Killed Harold
 25120 | D:10     | Noticed Gastronok
 25127 | D:10     | Killed Gastronok
 25198 | D:10     | Noticed an angel
 25199 | D:10     | Found a shimmering altar of Xom.
 25615 | D:10     | Learned a level 5 spell: Fireball
 26313 | D:11     | Annihilated by an enormous slime creature

Illustrated notes

Levels and vault maps discovered:
D:1:      dpeg_arrival_tiny_e, layout_loops_ring,
          hellmonk_ecumenical_altar_leap_of_faith
D:2:      layout_loops_ring, basic_altar, uniq_sigmund, uniq_jessica,
          uniq_terence
D:3:      layout_loops_ring, minmay_bisected
D:4:      layout_loops_ring, mainiacjoe_overflow_two_lobes
D:5:      layout_rooms
D:6:      layout_basic, nicolae_alphabet_shops
D:7:      layout_basic, temple_pool_b, skrybe_limestone_x, uniq_menkaure
D:8:      layout_basic, dpeg_oklobed_lair, gup_ossuary_entry_pyramid,
          kennysheep_generic_room_14, uniq_psyche
D:9:      minmay_the_grid_four_pointed_star
          [minmay_the_grid_triangle_9x9_impossible_snake,
          minmay_the_grid_triangle_9x9_dagger,
          minmay_the_grid_triangle_9x9_warning,
          minmay_the_grid_triangle_9x9_semitri,
          minmay_the_grid_prize_four_corners], layout_gridville, serial_shops,
          shop, shop, shop_coins, shop, nicolae_shop_waterfront,
          minmay_misc_feat_room
D:10:     wad_crossroads, layout_loops_ring,
          grunt_temple_overflow_order_and_chaos_1, blue_anna_alchemist,
          uniq_gastronok, uniq_harold
D:11:     layout_roguey, nicolae_shop_unique_rings
Temple:   regret_index_temple_mists
Lair:1:   layout_chaotic_city, lemuel_fruit_tree
Lair:2:   layout_layer_cave, guppyfry_snake_entry_garden, nzn_sisyphean_effort,
          uniq_fannar
Lair:3:   cheibrodos_lair_overgrown_chateau, layout_hall_layers, uniq_snorg
Lair:4:   mu_elephants_graveyard, layout_regular_city, swamp_mist_pool,
          gammafunk_ghost_hydra_chop, grunt_megastairs_3
Lair:5:   layout_long_grid
Lair:6:   wormcave, layout_regular_city, hangedman_lair_tendril_chambers,
          slime_dummy, eino_small_chamber_without_monster,
          kennysheep_snail_temple

Skill      XL: |  1  2  3  4  5  6  7  8  9 10 11 12 13 14 |
---------------+-------------------------------------------+-----
Dodging        | 2 |  2.0
Stealth        | 2 |  2.0
Fighting       | 1 3 4 5 6 7 8 |  8.3
Spellcasting   | 3 4 5 6 8 9 11 12 | 12.1
Conjurations   | 5 6 8 10 11 12 | 12.2
Hexes          | 4 6 |  6.0
Invocations    | 5 6 |  6.0
Transmutations | 3 5 8 |  8.0
Earth Magic    | 3 5 8 12 | 12.1
Staves         | 2 |  2.7
Necromancy     | 1 6 |  6.0
Fire Magic     | |  0.8

Action                   |  1- 3 |  4- 6 |  7- 9 | 10-12 | 13-15 || total
-------------------------+-------+-------+-------+-------+-------++-------
Melee: Unarmed           |    19 |       |       |       |       ||    19
       Dagger            |    11 |    27 |   161 |   183 |       ||   382
       Tailslap          |       |     5 |    37 |    51 |    87 ||   180
       Punch             |       |       |     3 |     2 |       ||     5
       Lajatang          |       |       |       |    63 |   312 ||   375
 Cast: Magic Dart        |    89 |    59 |   108 |   136 |    10 ||   402
       Searing Ray       |       |    25 |   131 |   177 |    12 ||   345
       Fulminant Prism   |       |       |     5 |    47 |    25 ||    77
       Petrify           |       |       |       |    28 |    60 ||    88
       Borgnjor's Vile C |       |       |       |       |    89 ||    89
       Fireball          |       |       |       |       |     5 ||     5
Evoke: Wand              |       |       |       |     5 |       ||     5
       Box of beasts     |       |       |       |     1 |       ||     1
       Condenser vane    |       |       |       |       |     1 ||     1
  Use: Scroll            |     2 |    11 |     7 |    13 |    12 ||    45
       Potion            |       |     3 |       |     4 |     4 ||    11
 Stab: Sleeping          |       |       |     2 |       |     2 ||     4
       Petrified         |       |       |       |    45 |    82 ||   127
       Petrifying        |       |       |       |     9 |     9 ||    18
       Distracted        |       |       |       |       |     1 ||     1
       Held in net/web   |       |       |       |       |     1 ||     1
Armor: Robe              |    11 |    10 |    58 |    59 |       ||   138
       Troll leather arm |       |       |       |    49 |   140 ||   189
Dodge: Dodged            |    23 |    16 |   168 |   300 |   363 ||   870
Block: Other             |       |       |       |       |   106 ||   106
       Reflection        |       |       |       |       |     3 ||     3
